 Dungeon Crawl Stone Soup version 0.27-a0-1200-g94dc6ad4cf (console) character file.

Game seed: 13411891388083355388

110 Hector the Magician (level 5, -5/38 HPs)
             Began as a Djinni Fire Elementalist on May 31, 2021.
             Slain by an orc
             ... wielding a +0 morningstar
              (9 damage)
             ... on level 3 of the Dungeon.
             The game lasted 00:05:21 (2897 turns).

Hector the Magician (Djinni Fire Elementalist)      Turns: 2897, Time: 00:05:22

Health: -5/38      AC:  2    Str:  7    XL:     5   Next: 14%
Gold:   86         EV: 12    Int: 18    God:
                   SH:  0    Dex: 13

rFire    + + .     SeeInvis +   c - +0 short sword
rCold    x . .     Faith    .   (no shield)
rNeg     . . .     Spirit   .   a - +0 robe
rPois    ∞         Reflect  .   (no helmet)
rElec    .         Harm     .   (no cloak)
rCorr    .         Rampage  .   (no gloves)
Will     .....                  (boots unavailable)
Stlth    ++........             (no amulet)
HPRegen  0.12/turn              S - ring of see invisible
MPRegen  0.00/turn              (no ring)

@: flying
A: sickness immunity, fire resistance 2, cold vulnerability 1, float, innate
caster, hp casting, extra vitality 1
a: no special abilities


You were on level 3 of the Dungeon.
You visited 1 branch of the dungeon, and saw 3 of its levels.

You collected 86 gold pieces.

Inventory:

Hand Weapons
 c - a +0 short sword (weapon)
Missiles
 b - 119 stones
 k - 8 javelins
Armour
 a - a +0 robe (worn)
Jewellery
 S - a ring of see invisible (left hand)
Scrolls
 d - a scroll of magic mapping {unknown}
 f - a scroll of enchant weapon {unknown}
 g - a scroll of summoning {unknown}
 l - a scroll of amnesia {unknown}
 m - a scroll of teleportation {unknown}
 n - a scroll of immolation {unknown}
 o - a scroll of fear {unknown}
 p - a scroll of vulnerability {unknown}
Potions
 e - 3 potions of might {unknown}
 h - a potion of curing {unknown}
 i - a potion of cancellation {unknown}
 j - a potion of attraction {unknown}


   Skills:
 * Level 1.8 Fighting
 - Level 2.1 Dodging
 - Level 1.5 Stealth
 + Level 3.9 Spellcasting


You couldn't memorise any spells.
You knew the following spells:

 Your Spells              Type           Power      Damage    Failure   Level
a - Foxfire               Conj/Fire      68%        2x1d7     3%          1
b - Fireball              Conj/Fire      8%         3d6       63%         5
c - Inner Flame           Hex/Fire       17%        N/A       9%          3
d - Magic Dart            Conj           68%        1d6       3%          1
e - Slow                  Hex            17%        N/A       4%          2
f - Conjure Flame         Conj/Fire      17%        6-21      9%          3
s - Sticky Flame          Conj/Fire      17%        2d4       30%         4
Your spell library was empty.

Dungeon Overview and Level Annotations

Branches:
Dungeon (3/15)

Altars:
Sif Muna

Shops:
D:2 !


Innate Abilities, Weirdness & Mutations

You are immune to sickness and miasma.
You are immune to poison.
Your flesh is very heat resistant. (rF++)
You are vulnerable to cold. (rC-)
You float through the air rather than walking.
You learn spells naturally, not from books.
Your magical power is your life essence.
You have superior vitality. (+4 HP)


Message History

Casting: Foxfire (safe; 3% risk of failure)
Confirm with . or Enter, or press ? or * to list all spells.
You conjure some foxfire!
* * * LOW HITPOINT WARNING * * *
The orc wizard hits you with a +0 dagger.
* * * LOW HITPOINT WARNING * * *
The orc barely misses you.
The foxfire hits the orc wizard but does no damage.
The orc wizard is heavily wounded.
The foxfire hits the orc wizard.
The orc wizard is severely wounded.
The orc wizard hits you but does no damage.
The orc barely misses you.
Unknown command.
Casting: Foxfire (safe; 3% risk of failure)
Confirm with . or Enter, or press ? or * to list all spells.
You conjure some foxfire!
* * * LOW HITPOINT WARNING * * *
The orc wizard gestures at you while chanting.
You are confused.
The orc closely misses you.
The foxfire hits the orc wizard.
The orc wizard is almost dead.
The foxfire hits the orc wizard.
You kill the orc wizard!
The orc misses you.
You have reached level 5!
The power to cast Slow wells up from within.
Spell assigned to 'e'.
Unknown command.
Unknown command.
Unknown command.
Unknown command.
You closely miss the orc. The orc closely misses you.
Found a helmet.
You see here a +0 hand axe.
The orc closely misses you.
You feel less confused. The orc hits you with a +0 morningstar!
You die...

### .. .. .##########
########..
..........######.........
[..)...))......'.........
#......o@..#####.........
#..........#####.........
##+#######.##............
#.##.###.###....
#####+##.# #.# #....
#........###+###....
.......... +_+......
.........[.# #####....
...........# ### #....


You could see an orc.

Vanquished Creatures
  An orc wizard (D:3)
  2 adders (D:2)
  A dart slug (D:1)
  3 orcs (D:3)
  6 bats
  6 endoplasms
  4 giant cockroaches
  6 goblins
  5 hobgoblins
  8 jackals
  3 kobolds
  A quokka (D:2)
  4 ball pythons
  2 frilled lizards
  4 rats
56 creatures vanquished.

Vanquished Creatures (others)
  151 foxfires
  A plant (D:3)
152 creatures vanquished.

Grand Total: 208 creatures vanquished

Notes
Turn   | Place    | Note
-------+----------+-------------------------------------------
     0 | D:1      | Hector the Djinni Fire Elementalist began the quest for the
                  | Orb.
     0 | D:1      | Reached XP level 1. HP: 15/15 MP: 0/0
   266 | D:1      | Reached XP level 2. HP: 16/22 MP: 0/0
   776 | D:1      | Found a faded altar of an unknown god.
   833 | D:1      | Reached skill level 3 in Spellcasting
   924 | D:1      | Reached XP level 3. HP: 24/26 MP: 0/0
   924 | D:1      | Learned a level 1 spell: Magic Dart
  1359 | D:2      | Reached skill level 1 in Fighting
  1858 | D:2      | Found Estepnecs's Distillery.
  1985 | D:2      | Reached XP level 4. HP: 23/32 MP: 0/0
  2893 | D:3      | Reached XP level 5. HP: 3/38 MP: 0/0
  2893 | D:3      | Learned a level 2 spell: Slow
  2897 | D:3      | Slain by an orc

Illustrated notes

Levels and vault maps discovered:
D:1:      dpeg_arrival_round_a, layout_loops_corners,
          chequers_ecumenical_altar_simple, chequers_big_river
D:2:      layout_loops_cross, serial_shops, nicolae_shop_window_shopping,
          hangedman_decor_growths, minmay_hexomino_u4
D:3:      corexii_shack_village, layout_basic, lemuel_doored_altar,
          minmay_misc_feat_pillars

Skill      XL: |  1  2  3 |
---------------+----------+-----
Spellcasting   | 3 |  3.9
Fighting       | 1 |  1.8
Dodging        | |  2.1
Stealth        | |  1.5

Action                   |  1- 3 |  4- 6 || total
-------------------------+-------+-------++-------
Melee: Short sword       |       |     1 ||     1
 Cast: Foxfire           |    56 |    34 ||    90
Armor: Robe              |     6 |     5 ||    11
Dodge: Dodged            |     6 |    23 ||    29

Table legend: (Time is in decaauts)
 A = Elapsed time spent in this place.
 B = Non-inter-level travel time spent in this place.
 C = Inter-level travel time spent in this place.
 D = Time resting spent in this place.
 E = Time spent auto-exploring this place.
 F = Levels seen in this place.
 G = Mean time per level.
                   A        B        C        D        E       F      G
               +--------+--------+--------+--------+--------+-----+--------+
         Total |   2897 |   2767 |    130 |     86 |   2333 |   3 |  965.7 |
       Dungeon |   2897 |   2767 |    130 |     86 |   2333 |   3 |  965.7 |
               +--------+--------+--------+--------+--------+-----+--------+

Top non-repeatable levels by time:
     D:1: 1309 daAuts
     D:2: 1194 daAuts
     D:3: 393 daAuts
